PIO (24 & UNDER)
SASKATOON SMOKIN' GUNS @ SALEM SLEDGEHAMMERS
05/15/2027
 
TOP OF THE 1ST
Saskatoon Smokin' Guns batting - Pitching for Salem Sledgehammers : LHP Alberto Pagán
Pitching: LHP Alberto Pagán
Batting: RHB Henry Jackson 0-0: Called Strike
0-1: Ball
1-1: Ground out 5-3 (Groundball, 56)
Batting: RHB Rijk de Rade 0-0: Called Strike
0-1: Ball
1-1: Ball
2-1: Foul Ball, location: 2F
2-2: Foul Ball, location: 2F
2-2: Strikes out swinging
Batting: RHB Xavier López 0-0: Ground out 6-3 (Groundball, 6)
Top of the 1st over - 0 run(s), 0 hit(s), 0 error(s), 0 left on base; Saskatoon 0 - Salem 0
BOTTOM OF THE 1ST
Salem Sledgehammers batting - Pitching for Saskatoon Smokin' Guns : RHP Denny Koch
Pitching: RHP Denny Koch
Batting: RHB Luis Bustamante 0-0: Ground out 4-3 (Groundball, 4)
Batting: SHB Enrique Uribe 0-0: Foul Ball, location: 2F
0-1: Foul Ball, location: 2F
0-2: Foul Ball, location: 2F
0-2: Ball
1-2: Strikes out swinging
Batting: LHB Nathan Frey 0-0: Ground out 6-3 (Groundball, 6)
Bottom of the 1st over - 0 run(s), 0 hit(s), 0 error(s), 0 left on base; Saskatoon 0 - Salem 0
TOP OF THE 2ND
Saskatoon Smokin' Guns batting - Pitching for Salem Sledgehammers : LHP Alberto Pagán
Batting: RHB César Rodríguez 0-0: Called Strike
0-1: Fly out, F7 (Flyball, 78M)
Batting: LHB Bo Rush 0-0: Called Strike
0-1: Called Strike
0-2: Strikes out swinging
Batting: LHB Rubén Salazar 0-0: Ball
1-0: Called Strike
1-1: Ball
2-1: Foul Ball, location: 2F
2-2: Strikes out swinging
Top of the 2nd over - 0 run(s), 0 hit(s), 0 error(s), 0 left on base; Saskatoon 0 - Salem 0
BOTTOM OF THE 2ND
Salem Sledgehammers batting - Pitching for Saskatoon Smokin' Guns : RHP Denny Koch
Batting: SHB Júlio Salazar 0-0: Called Strike
0-1: Ball
1-1: Ball
2-1: Foul Ball, location: 2F
2-2: SINGLE (Line Drive, 8LS)
Batting: RHB Bobby Miller 0-0: Foul Ball, location: 2F
0-1: Ball
1-1: Ball
2-1: Swinging Strike
2-2: Ground out 5-3 (Groundball, 56S)
Júlio Salazar to second
Batting: RHB Patrick Daniels 0-0: Ball
1-0: Called Strike
1-1: Ball
Júlio Salazar steals 3rd base
2-1: Fly out, F9 (Flyball, 9S)
Batting: RHB Gilberto Silva 0-0: Ball
1-0: Ball
2-0: SINGLE (Line Drive, 34)
Júlio Salazar scores
Batting: LHB Caleb Hall 0-0: Ball
1-0: Foul Ball, location: 2F
1-1: Ball
2-1: Ball
3-1: Base on Balls
Gilberto Silva to second
Batting: RHB Lakota O'Reilly 0-0: Foul Ball, location: 2F
0-1: Foul Ball, location: 2F
0-2: Ball
1-2: Ball
2-2: Strikes out swinging
Bottom of the 2nd over - 1 run(s), 2 hit(s), 0 error(s), 2 left on base; Saskatoon 0 - Salem 1
TOP OF THE 3RD
Saskatoon Smokin' Guns batting - Pitching for Salem Sledgehammers : LHP Alberto Pagán
Batting: RHB Travis Colbert 0-0: SINGLE (Groundball, 34S) (infield hit)
Batting: RHB Johnny MacNamara 0-0: Fielders Choice at 2nd, 5-4 (Groundball, 56)
Batting: LHB Carlos Perneta 0-0: Ball
1-0: Foul Ball, location: 2F
1-1: Foul Ball, location: 2F
1-2: Ball
Johnny MacNamara steals 2nd base
2-2: Foul Ball, location: 2F
2-2: Ball
3-2: Foul Ball, location: 2F
3-2: Foul Ball, location: 2F
3-2: Ground out 6-3 (Groundball, 6)
Johnny MacNamara to third
Batting: RHB Henry Jackson 0-0: Foul Ball, location: 2F
0-1: Foul Ball, location: 2F
0-2: Ball
1-2: Strikes out looking
Top of the 3rd over - 0 run(s), 1 hit(s), 0 error(s), 1 left on base; Saskatoon 0 - Salem 1
BOTTOM OF THE 3RD
Salem Sledgehammers batting - Pitching for Saskatoon Smokin' Guns : RHP Denny Koch
Batting: RHB Luis Bustamante 0-0: Foul Ball, location: 2F
0-1: Fly out, F6 (Popup, 6)
Batting: SHB Enrique Uribe 0-0: Ground out 4-3 (Groundball, 4)
Batting: LHB Nathan Frey 0-0: Called Strike
0-1: Ball
1-1: Ball
2-1: Foul Ball, location: 2F
2-2: Ball
3-2: Fly out, F8 (Flyball, 8LS)
Bottom of the 3rd over - 0 run(s), 0 hit(s), 0 error(s), 0 left on base; Saskatoon 0 - Salem 1
TOP OF THE 4TH
Saskatoon Smokin' Guns batting - Pitching for Salem Sledgehammers : LHP Alberto Pagán
Batting: RHB Rijk de Rade 0-0: SINGLE (Flyball, 89S)
Batting: RHB Xavier López 0-0: Ball
1-0: Grounds into double play, 6-4-3 (Groundball, 6)
Batting: RHB César Rodríguez 0-0: Ball
1-0: Foul Ball, location: 2F
1-1: Fly out, F6 (Popup, 6MD)
Top of the 4th over - 0 run(s), 1 hit(s), 0 error(s), 0 left on base; Saskatoon 0 - Salem 1
BOTTOM OF THE 4TH
Salem Sledgehammers batting - Pitching for Saskatoon Smokin' Guns : RHP Denny Koch
Batting: SHB Júlio Salazar 0-0: Called Strike
0-1: Ball
1-1: SOLO HOME RUN (Line Drive, 89XD) (Inside the Park)
Batting: RHB Bobby Miller 0-0: Ball
1-0: Foul Ball, location: 2F
1-1: Foul Ball, location: 2F
1-2: Foul Ball, location: 2F
1-2: Ball
2-2: Ball
3-2: SINGLE (Groundball, 56) (infield hit)
Batting: RHB Patrick Daniels 0-0: Grounds into double play, 4-6-3 (Groundball, 4)
Batting: RHB Gilberto Silva 0-0: Swinging Strike
0-1: Ball
1-1: Fly out, F9 (Line Drive, 9S)
Bottom of the 4th over - 1 run(s), 2 hit(s), 0 error(s), 0 left on base; Saskatoon 0 - Salem 2
TOP OF THE 5TH
Saskatoon Smokin' Guns batting - Pitching for Salem Sledgehammers : LHP Alberto Pagán
Batting: LHB Bo Rush 0-0: Ground out 4-3 (Groundball, 4MS)
Batting: LHB Rubén Salazar 0-0: Ball
1-0: Swinging Strike
1-1: Foul Ball, location: 2F
1-2: Strikes out swinging
Batting: RHB Travis Colbert 0-0: Ball
1-0: Ball
2-0: Fly out, F4 (Line Drive, 34)
Top of the 5th over - 0 run(s), 0 hit(s), 0 error(s), 0 left on base; Saskatoon 0 - Salem 2
BOTTOM OF THE 5TH
Salem Sledgehammers batting - Pitching for Saskatoon Smokin' Guns : RHP Denny Koch
Batting: LHB Caleb Hall 0-0: Ball
1-0: Ball
2-0: Called Strike
2-1: Ball
3-1: Fly out, F8 (Flyball, 8RS)
Batting: RHB Lakota O'Reilly 0-0: Called Strike
0-1: Ball
1-1: Foul Ball, location: 2F
1-2: Ball
2-2: Strikes out swinging
Batting: RHB Luis Bustamante 0-0: Ball
1-0: Ball
2-0: Ball
3-0: Called Strike
3-1: Called Strike
3-2: Base on Balls
Batting: SHB Enrique Uribe 0-0: Fly out, F7 (Flyball, 7LSF)
Bottom of the 5th over - 0 run(s), 0 hit(s), 0 error(s), 1 left on base; Saskatoon 0 - Salem 2
TOP OF THE 6TH
Saskatoon Smokin' Guns batting - Pitching for Salem Sledgehammers : LHP Alberto Pagán
Batting: RHB Johnny MacNamara 0-0: Foul Ball, location: 2F
0-1: Ball
1-1: Ground out 5-3 (Groundball, 5)
Batting: LHB Carlos Perneta 0-0: Swinging Strike
0-1: Called Strike
0-2: Strikes out swinging
Batting: RHB Henry Jackson 0-0: SINGLE (Line Drive, 56)
Batting: RHB Rijk de Rade 0-0: Ball
1-0: Ball
2-0: Called Strike
Henry Jackson steals 2nd base
2-1: Fly out, F9 (Flyball, 9S)
Top of the 6th over - 0 run(s), 1 hit(s), 0 error(s), 1 left on base; Saskatoon 0 - Salem 2
BOTTOM OF THE 6TH
Salem Sledgehammers batting - Pitching for Saskatoon Smokin' Guns : RHP Denny Koch
Batting: LHB Nathan Frey 0-0: Called Strike
0-1: Hit by Pitch
Batting: SHB Júlio Salazar 0-0: Ball
1-0: 2-RUN HOME RUN (Flyball, 89XD), Distance : 404 ft
Batting: RHB Bobby Miller 0-0: Foul Ball, location: 2F
0-1: Fly out, F9 (Flyball, 9LS)
Batting: RHB Patrick Daniels 0-0: Ball
1-0: SINGLE (Line Drive, 6M)
Batting: RHB Gilberto Silva 0-0: Ball
1-0: SINGLE (Groundball, 3D)
Patrick Daniels to second
Runner from 2nd tries for 3rd, SAFE, throw made to third
Batting: LHB Caleb Hall 0-0: Ball
Throwing error on steal attempt, E2
Patrick Daniels scores
Gilberto Silva to third
1-0: Ground out 3-1 (Groundball, 34)
Gilberto Silva scores
Pitching: RHP Álex Amaya
Batting: RHB Lakota O'Reilly 0-0: Ball
1-0: Foul Ball, location: 2F
1-1: Ground out 3-1 (Groundball, 23)
Bottom of the 6th over - 4 run(s), 3 hit(s), 1 error(s), 0 left on base; Saskatoon 0 - Salem 6
TOP OF THE 7TH
Saskatoon Smokin' Guns batting - Pitching for Salem Sledgehammers : LHP Alberto Pagán
Batting: RHB Xavier López 0-0: Called Strike
0-1: Called Strike
0-2: Foul Ball, location: 2F
0-2: Foul Ball, location: 2F
0-2: Ball
1-2: SINGLE (Groundball, 4MD)
Batting: RHB César Rodríguez 0-0: Fly out, F4 (Popup, 4)
Batting: LHB Bo Rush 0-0: Ball
1-0: Ball
2-0: Called Strike
2-1: Foul Ball, location: 2F
2-2: Ball
3-2: Base on Balls
Xavier López to second
Batting: LHB Rubén Salazar 0-0: Ball
1-0: Ball
2-0: SINGLE (Flyball, 8RS)
Xavier López to third
Bo Rush to second
Runner from 3rd tries for Home, SAFE, no throw
Batting: RHB Travis Colbert 0-0: Called Strike
0-1: Foul Ball, location: 2F
0-2: Fly out, F4 (Popup, 34D)
Batting: RHB Johnny MacNamara 0-0: Ball
1-0: Ball
2-0: Foul Ball, location: 2F
2-1: Foul Ball, location: 2F
2-2: Ball
Wild Pitch!
Bo Rush to third
Rubén Salazar to second
3-2: Ground out 6-3 (Groundball, 6)
Top of the 7th over - 1 run(s), 2 hit(s), 0 error(s), 2 left on base; Saskatoon 1 - Salem 6
BOTTOM OF THE 7TH
Salem Sledgehammers batting - Pitching for Saskatoon Smokin' Guns : RHP Álex Amaya
Batting: RHB Luis Bustamante 0-0: Swinging Strike
0-1: Ball
1-1: Ball
2-1: Fly out, F3 (Flyball, 3D)
Batting: SHB Enrique Uribe 0-0: Ball
1-0: Foul Ball, location: 2F
1-1: Swinging Strike
1-2: Ball
2-2: Strikes out swinging
Batting: LHB Nathan Frey 0-0: Ball
1-0: Called Strike
1-1: Ball
2-1: Ball
3-1: Foul Ball, location: 2F
3-2: Foul Ball, location: 2F
3-2: Foul Ball, location: 2F
3-2: Foul Ball, location: 2F
3-2: Ground out 3-1 (Groundball, 34)
Bottom of the 7th over - 0 run(s), 0 hit(s), 0 error(s), 0 left on base; Saskatoon 1 - Salem 6
TOP OF THE 8TH
Saskatoon Smokin' Guns batting - Pitching for Salem Sledgehammers : LHP Alberto Pagán
Pitching: RHP Claudio Cuevas
Batting: LHB Carlos Perneta 0-0: Ball
1-0: Ball
2-0: Called Strike
2-1: Ball
3-1: Swinging Strike
3-2: Base on Balls
Batting: RHB Henry Jackson 0-0: Fly out, F9 (Flyball, 9S)
Batting: RHB Rijk de Rade 0-0: Called Strike
0-1: Called Strike
0-2: Foul Ball, location: 2F
0-2: Foul Ball, location: 2F
0-2: Foul Ball, location: 2F
0-2: Ball
1-2: Fly out, F7 (Flyball, 7)
Batting: RHB Xavier López 0-0: SINGLE (Flyball, 8LS)
Carlos Perneta to second
Batting: RHB César Rodríguez 0-0: Ball
1-0: Ball
2-0: Ball
3-0: Called Strike
3-1: Foul Ball, location: 2F
3-2: SINGLE (Groundball, 5S) (infield hit)
Carlos Perneta to third
Xavier López to second
Pitching: RHP Ron Moore
Batting: LHB Bo Rush 0-0: Ball
1-0: Ball
2-0: Foul Ball, location: 2F
2-1: Ground out 6-3 (Groundball, 6S)
Top of the 8th over - 0 run(s), 2 hit(s), 0 error(s), 3 left on base; Saskatoon 1 - Salem 6
BOTTOM OF THE 8TH
Salem Sledgehammers batting - Pitching for Saskatoon Smokin' Guns : RHP Álex Amaya
Batting: SHB Júlio Salazar 0-0: Ball
1-0: Called Strike
1-1: Ball
2-1: Foul Ball, location: 2F
2-2: Ball
3-2: Base on Balls
Batting: RHB Bobby Miller 0-0: Called Strike
0-1: Ball
1-1: Ball
2-1: Ball
3-1: Foul Ball, location: 2F
3-2: Fly out, F7 (Flyball, 7LSF)
Batting: RHB Patrick Daniels 0-0: Ball
1-0: Ground out 6-3 (Groundball, 6S)
Júlio Salazar to second
Batting: RHB Gilberto Silva 0-0: Called Strike
Júlio Salazar steals 3rd base
0-1: Ball
1-1: Ball
2-1: Foul Ball, location: 2F
2-2: Ball
3-2: Foul Ball, location: 2F
3-2: Foul Ball, location: 2F
3-2: Fly out, F9 (Flyball, 9S)
Bottom of the 8th over - 0 run(s), 0 hit(s), 0 error(s), 1 left on base; Saskatoon 1 - Salem 6
TOP OF THE 9TH
Saskatoon Smokin' Guns batting - Pitching for Salem Sledgehammers : RHP Ron Moore
Batting: LHB Rubén Salazar 0-0: Called Strike
0-1: Ball
1-1: SINGLE (Groundball, 56D)
Batting: RHB Travis Colbert 0-0: Called Strike
0-1: Ball
1-1: Fielders Choice at 2nd, 4-6 (Groundball, 4)
Batting: RHB Johnny MacNamara 0-0: Called Strike
0-1: Ball
1-1: Swinging Strike
1-2: Strikes out looking
Batting: LHB Carlos Perneta 0-0: Foul Ball, location: 2F
0-1: Ball
1-1: Ball
2-1: Fly out, F7 (Line Drive, 7)
Top of the 9th over - 0 run(s), 1 hit(s), 0 error(s), 1 left on base; Saskatoon 1 - Salem 6
Thursday, March 30th, 2017 - OOTP Baseball 17.12 Build 75